 Dungeon Crawl Stone Soup version 0.31-b1-20-g67cafac56d (webtiles) character file.

Game seed: 10670375143299871479

149 Sobieck the Sneak (level 5, -5/30 HPs)
             Began as a Kobold Brigand on Jan 17, 2024.
             Slain by a river rat (8 damage)
             ... in a sewer.
             The game lasted 00:03:36 (2443 turns).

Sobieck the Sneak (Kobold Brigand)                  Turns: 2443, Time: 00:03:37

Health: -5/30      AC:  3    Str:  8    XL:     5   Next: 56%
Magic:  5/5        EV: 14    Int: 13    God:
Gold:   150        SH:  0    Dex: 18    Spells: 4/4 levels left

rFire   . . .        a - +2 dagger
rCold   . . .        (no shield)
rNeg    . . .        b - +0 robe
rPois   .            (no helmet)
rElec   .            c - +0 cloak
rCorr   .            (no gloves)
SInv    .            (no boots)
Will    .....        (no amulet)
Stlth   +++++        (no ring)
HPRegen 0.25/turn    (no ring)
MPRegen 0.09/turn

%: no passive effects
@: attractive
A: small, no large weapons, nightstalker 3
a: no special abilities


You were in a sewer.
You visited 1 branch of the dungeon, and saw 3 of its levels.
You also visited: Sewer.

You collected 150 gold pieces.

Inventory:

Hand Weapons
 a - a +2 dagger (weapon)
Missiles
 k - 9 poisoned darts
 F - 3 curare-tipped darts
Armour
 b - a +0 robe (worn)
 c - a +0 cloak (worn)
 j - a +0 kite shield
Jewellery
 l - the ring "Gioh" {rC+ Dex+3 SInv}
   (You took it off a hobgoblin on level 2 of the Dungeon)

   [ring of see invisible]

   Dex+3:     It affects your dexterity (+3).
   rC+:       It protects you from cold.
   SInv:      It lets you see invisible.
Scrolls
 e - a scroll of butterflies {unknown}
 f - a scroll of fear {unknown}
 g - 3 scrolls of identify {unknown}
 h - a scroll of enchant armour {unknown}
 m - a scroll of blinking {unknown}
 n - a scroll of silence {unknown}
Potions
 d - a potion of attraction
 i - 2 potions of haste {unknown}


   Skills:
 - Level 2.1 Fighting
 + Level 5.3 Short Blades
 - Level 2.1 Throwing
 - Level 1.2 Dodging
 + Level 7.4 Stealth


You had 4 spell levels left.
You didn't know any spells.
Your spell library contained the following spells:

 Spells                   Type           Power      Damage    Failure   Level
 Magic Dart               Conj           0%         1d3       30%         1
 Necrotise                Necr           0%         1d4       30%         1
 Searing Ray              Conj           0%         2d4       43%         2
 Vampiric Draining        Necr           0%         2d6       67%         3
 Fulminant Prism          Conj/Alch      0%         3d5       97%         4
 Martyr's Knell           Necr/Summ      0%         N/A       97%         4
 Curse of Agony           Necr           0%         N/A       100%        5


Dungeon Overview and Level Annotations

Branches:
Dungeon (3/15)              Sewer (1/1)

Altars:


Innate Abilities, Weirdness & Mutations

You are small and have problems with some larger weapons.
You are completely attuned to the shadows.


Message History

A ball python comes into view.
The river rat attacks as it pursues you!
The river rat bites you.
You see here a rat corpse.
You closely miss the river rat.
The ball python hisses angrily.
You closely miss the river rat. The river rat closely misses you.
You hit the river rat.
The river rat is lightly wounded.
The river rat misses you.
You hit the river rat but do no damage.
The river rat is lightly wounded.
You hit the river rat but do no damage.
The river rat is lightly wounded.
The river rat bites you.
You hit the river rat.
The river rat is moderately wounded.
The river rat closely misses you.
You hit the river rat.
The river rat is heavily wounded.
The river rat bites you but does no damage.
You closely miss the river rat.
The river rat is heavily wounded.
You hit the river rat.
The river rat is severely wounded.
The river rat bites you.
You closely miss the river rat.
The river rat is severely wounded.
The river rat bites you but does no damage.
You barely miss the river rat.
The river rat is severely wounded.
The river rat bites you.
You are too injured to fight recklessly!
You are too injured to fight recklessly!
You are too injured to fight recklessly!
You hit the river rat.
The river rat is almost dead.
You barely miss the river rat.
The river rat is almost dead.
The river rat bites you!
* * * LOW HITPOINT WARNING * * *
You closely miss the river rat.
The river rat is almost dead.
The river rat bites you.
* * * LOW HITPOINT WARNING * * *
Unknown command.
It was a potion of attraction.
You feel attractive to monsters. The river rat bites you!
You die...

. #~ ## #.r###.#
#Srr## #~###@##
########.########
#∩...~.~....~†~~~
#∩..~.~.~~.~.~~~~
#################


You could see 2 river rats, a ball python and a rat.

Vanquished Creatures
  4 adders
  A gnoll (D:1)
  2 river rats (Sewer)
  A dart slug (D:1)
  A ribbon worm (D:2)
  3 endoplasms
  3 giant cockroaches (D:1)
  4 goblins
  4 hobgoblins
  11 jackals
  7 kobolds
  5 quokkas
  9 ball pythons
  8 bats
  7 frilled lizards
  10 rats
80 creatures vanquished.

Notes
Turn   | Place    | Note
-------+----------+-------------------------------------------
     0 | D:1      | Sobieck the Kobold Brigand began the quest for the Orb.
     0 | D:1      | Reached XP level 1. HP: 12/12 MP: 1/1
    66 | D:1      | Reached skill level 3 in Short Blades
    87 | D:1      | Reached XP level 2. HP: 17/17 MP: 2/2
   138 | D:1      | Reached skill level 6 in Stealth
   138 | D:1      | Reached XP level 3. HP: 20/21 MP: 3/3
   360 | D:1      | Reached XP level 4. HP: 24/26 MP: 4/4
  1556 | D:2      | Reached XP level 5. HP: 30/30 MP: 5/5
  1628 | D:2      | Identified the ring "Gioh" {rC+ Dex+3 SInv}
  1688 | D:2      | Reached skill level 7 in Stealth
  2293 | D:3      | Found a glowing drain.
  2383 | Sewer    | Entered a sewer
  2443 | Sewer    | Slain by a river rat

Illustrated notes

Levels and vault maps discovered:
D:1:      minmay_arrival_plants_in_alcoves, layout_basic, minmay_vboxes
D:2:      kb_forest_paths, layout_basic
D:3:      wad_river_or_something, layout_basic, portal_sewer_entry_d
Sewer:    sewer_co_cracked_pipes

Skill      XL: |  1  2  3  4  5 |
---------------+----------------+-----
Short Blades   | 3 4 5 |  5.3
Stealth        | 6 7 |  7.4
Fighting       | |  2.1
Throwing       | |  2.1
Dodging        | |  1.2

Action                     |  1- 3 |  4- 6 || total
---------------------------+-------+-------++-------
  Melee: Dagger            |    79 |   148 ||   227
         Punch             |     1 |     1 ||     2
    Use: Potion            |       |     1 ||     1
   Stab: Sleeping          |    15 |    28 ||    43
 Armour: Robe              |    16 |    63 ||    79
  Dodge: Dodged            |    43 |    65 ||   108
